 Dungeon Sprint DCSS version 0.31.0-12-g77e489cdc1 (webtiles) character file.

Game seed: 8341622275692956373

2 Minsecho the Apothecary (level 1, -2/19 HPs)
             Began as a Merfolk Alchemist on Feb 18, 2024.
             Slain by a human (6 damage)
             ... in the Dungeon (Sprint III: "The Ten Rune Challenge").
             The game lasted 00:00:43 (135 turns).

Minsecho the Apothecary (Merfolk Alchemist)          Turns: 135, Time: 00:00:43

Health: -2/19      AC:  2    Str:  8    XL:     1   Next: 40%
Magic:  0/3        EV: 13    Int: 14    God:
Gold:   19         SH:  0    Dex: 14    Spells: 3/4 levels left

rFire   . . .        h - +0 club
rCold   . . .        (no shield)
rNeg    . . .        a - +0 robe
rPois   .            (no helmet)
rElec   .            (no cloak)
rCorr   .            (no gloves)
SInv    .            (no boots)
Will    .....        (no amulet) Stlth
                     (no ring)
HPRegen 0.23/turn    (no ring)
MPRegen 0.08/turn

%: no teleportation
@: berserking, very quick
A: (nimble swimmer 2), mertail
a: no special abilities


You were in the Dungeon.
You visited 1 branch You collected 19 gold pieces.

Inventory:

Hand Weapons
 h - a +0 club (weapon)
Armour
 a - a +0 robe (worn)
Scrolls
 g - a scroll of blinking
Potions
 b - 3 potions of magic
 c - a potion of curing
 d - a potion of heal wounds
 e - a potion of haste


   Skills:
 + Level 2.9 Dodging
 - Level 2.3 Stealth
 + Level 2.3 Spellcasting
 + Level 0.8 Conjurations
 + Level 4.8 Alchemy


You had 3 spell levels left.
You knew the following spells:

 Your Spells              Type           Power      Damage    Failure   Level
a - Sting                 Conj/Alch      36%        1d5       7%          1

Your spell library contained the following spells:

 Spells                   Type           Power      Damage    Failure   Level
 Mercury Vapours          Alch/Air       16%        N/A       13%         2
 Mephitic Cloud           Conj/Alch/Air  6%         N/A       32%         3
 Olgreb's Toxic Radiance  Alch           15%        N/A       30%         4
 Sticky Flame             Fire/Alch      8%         2d4       63%         4


Dungeon Overview and Level Annotations

Branches:
Dungeon (1/1)

Altars:


Innate Abilities, Weirdness & Mutations

((You are very nimble when in or above water. (Stealth+, EV+, Speed+++)))
Your lower body shifts to a powerful aquatic tail in water.


Message History

h - a +0 club
h - a +0 club (weapon)
The sting hits the rat but does no damage.
The rat is poisoned.
The rat squeaks loudly.
The sting misses the rat.
The sting hits the rat.
The rat looks even sicker.
You kill the rat!
You now have 19 gold pieces.
A rat comes into view.
The rat squeaks loudly.
The sting hits the rat.
The rat is poisoned.
The rat is heavily wounded.
You kill the rat!
You can't see any susceptible monsters within range! (Use Z to cast anyway.)
You see here a rat corpse.
A human comes into view.
Okay, then.
A wolf comes into view.
The human shouts!
The sting hits the human but does no damage.
The human is poisoned.
The sting hits the human.
The human looks even sicker.
The human is lightly wounded.
The sting misses the human.
The human hits you.
You are out of magic!
You hit the human but do no damage. Your punch misses the human.
The human is lightly wounded.
The human closely misses you.
You closely miss the human.
The human is lightly wounded.
The human barely misses you. The human hits you.
You hit the human.
The human is moderately wounded.
The human hits you. The human attacks as it pursues you! The human hits you.
* * * LOW HITPOINT WARNING * * *
A red film seems to cover your vision as you go berserk!
You feel yourself moving faster!
You feel mighty! The human hits you.
You die...

▓▓▓▓▓▓▓▓▓
▓<..#...####
▓...#......##
▓..##.......# .#
▓##.##.##...# .#
##.##.###@.# ..#
▓#.####.##p.# ...+
▓.###†.##..##
#...# ▓#.....##†.#
#p...#
###..##...##.....#
##†.##....#......#
#..###..##.#..h..#
#..# #..#####....#
▓▓▓▓ ▓▓▓▓ ▓▓▓▓▓


You could see a human (poisoned).

Vanquished Creatures
  4 rats (D)
4 creatures vanquished.

Notes
Turn   | Place    | Note
-------+----------+-------------------------------------------
     0 | D        | Minsecho the Merfolk Alchemist began the quest for the Orb.
     0 | D        | Reached XP level 1. HP: 13/13 MP: 3/3
   121 | D        | Noticed a wolf
   135 | D        | Slain by a human

Illustrated notes

Levels and vault maps discovered:
D:        dungeon_sprint_mu [sprint_mu_entry_cave, sprint_mu_temple_rooms,
          sprint_mu_d1_spiders, sprint_mu_d2_genie, sprint_mu_d3_branching,
          sprint_mu_orc_legion, sprint_mu_elf_gauntlet, sprint_mu_hive_nellie,
          sprint_mu_lair_fedhas, sprint_mu_vaults_butterflies,
          sprint_mu_slime_circle, sprint_mu_swamp_cave, sprint_mu_shoals_kraken,
          sprint_mu_blade_basic, sprint_mu_crypt_chambers,
          sprint_mu_tomb_spiral, sprint_mu_vestibule_basic,
          sprint_mu_gehenna_hellfire, sprint_mu_dis_giant,
          sprint_mu_tartarus_statrot, sprint_mu_cocytus_islands, sprint_mu_zot1]

Action                     || total
---------------------------++-------
  Melee: Club              ||     3
   Cast: Sting             ||     9
    Use: Potion            ||     1
 Armour: Robe              ||     5
  Dodge: Dodged            ||     2
